 Dungeon Crawl Stone Soup version 0.16-a0-1301-gf74d490 (console) character file.

1005 Orcus the Cudgeler (level 8, -1/78 HPs)
             Began as an Ogre Ice Elementalist on Oct 15, 2014.
             Slain by an orc
             ... wielding a +0 trident
              (6 damage)
             ... on level 6 of the Dungeon.
             The game lasted 00:22:31 (3228 turns).

Orcus the Cudgeler (Ogre Ice Elementalist)          Turns: 3228, Time: 00:22:32

Health: -1/78      AC:  4    Str: 15    XL:     8   Next: 20%
Magic:  18/18      EV:  9    Int: 15    God:
Gold:   249        SH:  0    Dex: 10    Spells: 2 memorised, 11 levels left

rFire  . . .     SeeInvis .     a - +1 flail
rCold  + + .     Clarity  .     d - +0 robe
rNeg   . . .     SustAb   .     (shield restricted)
rPois  +         Gourm    .     (helmet restricted)
rElec  +         Spirit   .     z - +0 cloak
rCorr  +         Warding  .     (gloves unavailable)
rMut   .         Stasis   .     (boots unavailable)
MR     .....                    (no amulet)
Stlth  +.........               (no ring)
                                r - ring of ice

@: resistant, very slightly contaminated, hasted, drained, very quick, not
resistant to hostile enchantments, very unstealthy
A: unfitting armour, tough skin 1
a: no special abilities


You were on level 6 of the Dungeon.
You were not hungry.

You visited 1 branch of the dungeon, and saw 6 of its levels.

You collected 249 gold pieces.

Inventory:

Hand weapons
 a - a +1 flail (weapon)
Missiles
 h - 26 poisoned needles
 j - 4 large rocks
 y - 5 javelins (quivered)
Armour
 d - a +0 robe (worn)
 l - a +2 shield
 z - a +0 cloak (worn)
Jewellery
 r - a ring of ice (left hand)
Magical devices
 g - a wand of slowing (27)
 i - a wand of cold (8)
 n - a wand of lightning (0)
Scrolls
 s - 2 scrolls of remove curse
 w - 2 scrolls of teleportation
 A - a scroll of holy word {unknown}
Potions
 e - 2 potions of curing
 f - a potion of might {unknown}
 o - 2 potions of poison {unknown}
 p - a potion of mutation {unknown}
 t - 2 potions of heal wounds {unknown}
 u - a potion of restore abilities {unknown}
Books
 b - a book of Frost

   Spells                             Type                      Level
   *Freeze                            Ice                          1
   Throw Frost                        Conjuration/Ice              2
   *Ozocubu's Armour                  Charms/Ice                   3
   Throw Icicle                       Conjuration/Ice              4
   Summon Ice Beast                   Ice/Summoning                4
   Condensation Shield                Ice                          4
Comestibles
 c - a meat ration
 q - a royal jelly
 v - a rotting chunk of worker ant flesh
 x - 2 bread rations
 B - a chunk of adder flesh


   Skills:
 + Level 4.2(3.5) Fighting
 * Level 5.5(4.8) Maces & Flails
 * Level 5.1(4.4) Throwing
 - Level 2.0(1.3) Dodging
 - Level 2.0(1.3) Stealth
 + Level 4.2(3.5) Spellcasting
   Level 0.6(0.0) Conjurations
 + Level 3.5(2.8) Ice Magic
 + Level 0.5(0.0) Evocations


You had 11 spell levels left.
You knew the following spells:

 Your Spells              Type           Power        Failure   Level  Hunger
a - Freeze                Ice            ###.         8%          1    None
z - Ozocubu's Armour      Chrm/Ice       ##......     34%         3    ###....


Dungeon Overview and Level Annotations

Branches:
Dungeon (6/15)
 Temple: D:4-7

Altars:
Sif Muna
The Shining One


Innate Abilities, Weirdness & Mutations

You are too large for most types of armour.
You have tough skin (AC +1).


Message History

Unknown command.
An orc wizard comes into view. It is wielding a dagger.
The orc wizard shouts!
You hit the orc wizard but do no damage.
The orc wizard hits you but does no damage.
The ice beast hits you but does no damage.
Unknown command.
Unknown command.
Read which item? (? for menu, Esc to quit)
Okay, then.
Unknown command.
Read which item? (? for menu, Esc to quit)
Blink to where?
Press: ? - help, Dir - move target cursor
As you read the scroll of blinking, it crumbles to dust. 3 orcs come into view.
The orc shouts! x3
The orc hits you but does no damage.
The orc hits you from afar with a trident.
You die...

### ##.## ##...##
###########.)...##
#ยง.Yz...##.......##
#.####z...........#
#o##....##.......).
#.##.##.###.....###
#.@oZ...# ##...##
####o#### ##<#####
o. ### #.. #.# #.# #
..?.# ..... .....
.... ....


You could see a wight, an orc wizard, 3 orcs and an orc zombie.

Vanquished Creatures
  Grinder (D:5)
  An ogre (D:4)
  Blork the orc (D:5)
  A scorpion (D:4)
  2 wights (D:6)
  A hound (D:5)
  2 orc priests
  2 orc wizards (D:5)
  An iguana (D:5)
  5 worker ants
  Ijyb (D:5)
  5 adders
  A shadow imp (D:5)
  A giant mite (D:4)
  2 worms
  2 giant geckos (D:1)
  An ooze (D:3)
  22 orcs
  9 bats
  5 giant cockroaches
  8 hobgoblins
  3 quokkas
  3 ball pythons
  4 giant newts
  12 goblins
  2 jackals (D:2)
  5 kobolds
  9 rats
  A rat skeleton (D:4)
113 creatures vanquished.

Notes
Turn   | Place    | Note
--------------------------------------------------------------
     0 | D:1      | Orcus, the Ogre Ice Elementalist, began the quest for the Orb.
     0 | D:1      | Reached XP level 1. HP: 16/16 MP: 3/3
   214 | D:1      | Reached XP level 2. HP: 7/26 MP: 0/5
   467 | D:1      | Reached skill level 1 in Fighting
   588 | D:2      | Reached XP level 3. HP: 26/33 MP: 2/6
   762 | D:2      | Reached skill level 1 in Maces & Flails
  1027 | D:2      | Reached skill level 1 in Throwing
  1027 | D:2      | Reached XP level 4. HP: 20/42 MP: 0/8
  1776 | D:4      | Noticed an ogre
  1782 | D:4      | Killed an ogre
  1782 | D:4      | Reached skill level 3 in Spellcasting
  1782 | D:4      | Reached XP level 5. HP: 18/50 MP: 9/11
  1805 | D:4      | Learned a level 3 spell: Ozocubu's Armour
  1900 | D:4      | Reached XP level 6. HP: 20/59 MP: 5/13
  2528 | D:5      | Entered Level 5 of the Dungeon
  2528 | D:5      | Noticed Blork the orc
  2534 | D:5      | Killed Blork the orc
  2555 | D:5      | Reached XP level 7. HP: 62/67 MP: 8/15
  2573 | D:5      | Reached skill level 4 in Maces & Flails
  2754 | D:5      | Noticed Grinder
  2770 | D:5      | Paralysed by Grinder for 2 turns
  2804 | D:5      | Paralysed by Grinder for 5 turns
  2817 | D:5      | Killed Grinder
  2844 | D:5      | Reached skill level 5 in Maces & Flails
  2886 | D:5      | Noticed Ijyb
  2894 | D:5      | Killed Ijyb
  2908 | D:5      | Found a glowing golden altar of the Shining One.
  2965 | D:5      | Reached XP level 8. HP: 67/78 MP: 12/18
  2981 | D:5      | Found a deep blue altar of Sif Muna.
  3202 | D:6      | Reached skill level 5 in Throwing
  3218 | D:6      | HP: 3/78 [ice beast (4)]
  3228 | D:6      | Slain by an orc

Action                   |  1- 3 |  4- 6 |  7- 9 || total
-------------------------+-------+-------+-------++-------
Melee: Unarmed           |    11 |       |       ||    11
       Club              |    37 |    15 |       ||    52
       Mace              |       |     8 |       ||     8
       Flail             |       |    19 |    19 ||    38
Throw: Large rock        |       |     7 |     7 ||    14
       Javelin           |       |       |    20 ||    20
 Cast: Freeze            |    66 |    93 |    46 ||   205
       Ozocubu's Armour  |       |       |     1 ||     1
Evoke: Wand              |       |       |     3 ||     3
  Use: Scroll            |       |     8 |     4 ||    12
       Potion            |       |       |     7 ||     7
  Eat: Chunk             |     1 |     5 |     3 ||     9
